 Dungeon Crawl Stone Soup version 0.28.0-47-ge53b351184 (webtiles) character file.

Game seed: 16622966325626567742

62 GigaChad the Shield-Bearer (level 3, -4/33 HPs)
             Began as a Minotaur Fighter on Apr 25, 2022.
             Was an Initiate of Ashenzari.
             Slain by an ogre
             ... wielding a +0 giant club
              (19 damage)
             ... on level 3 of the Dungeon.
             The game lasted 00:07:13 (2216 turns).

GigaChad the Shield-Bearer (Minotaur Fighter)       Turns: 2216, Time: 00:07:15

Health: -4/33      AC:  7    Str: 20    XL:     3   Next: 85%
Magic:  2/2        EV:  9    Int:  5    God:    Ashenzari [......]
Gold:   111        SH:  5    Dex: 11    Spells: 2/2 levels left

rFire   . . .      SeeInvis .   a - +0 long sword of Ashenzari's Paranoia {Melee, Alch} (curse)
rCold   . . .      Faith    .   c - +0 buckler
rNeg    . . .      Spirit   .   b - +0 scale mail
rPois   .          Reflect  .   (helmet restricted)
rElec   .          Harm     .   (no cloak)
rCorr   .          Rampage  .   (no gloves)
Will    .....                   (no boots)
Stlth   ..........              (no amulet)
HPRegen 0.11/turn               i - ring of wizardry
MPRegen 0.08/turn               (no ring)

@: no status effects
A: horns 2, retaliatory headbutt
a: Renounce Religion, Shatter the Chains


You were on level 3 of the Dungeon.
You worshipped Ashenzari.
Ashenzari was noncommittal.
You visited 1 branch of the dungeon, and saw 3 of its levels.

You collected 111 gold pieces.

Inventory:

Hand Weapons
 a - the cursed +0 long sword of Ashenzari's Paranoia (weapon) {Melee, Alch}

   It has a curse which improves the following skills: Melee Combat: Short
   Blades, Long Blades, Axes, Maces & Flails, Polearms, Staves and Unarmed
   Combat.
   Alchemy:   Poison Magic and Transmutations.
 l - a +0 war axe
Armour
 b - a +0 scale mail (worn)
 c - a +0 buckler (worn)
 o - the +0 ring mail "Lefit" {Will+}
   (You found it on level 3 of the Dungeon)

   Will:      It increases your willpower.
Jewellery
 i - a ring of wizardry (left hand)
Wands
 m - a wand of acid (13)
Scrolls
 f - 4 scrolls of identify
 g - 2 scrolls of teleportation
 q - a scroll of immolation {unknown}
Potions
 d - a potion of might
 e - a potion of resistance {unknown}
 h - 2 potions of haste {unknown}
 j - a potion of heal wounds {unknown}
 k - a potion of lignification {unknown}
 n - a potion of degeneration {unknown}
 p - a potion of brilliance {unknown}
 r - a potion of curing {unknown}


   Skills:
 + Level 4.2 Fighting
 + Level 3.1(3.5) Long Blades
 + Level 4.2 Armour
 + Level 4.5 Shields


You had 2 spell levels left.
You didn't know any spells.
Your spell library contained the following spells:

 Spells                   Type           Power      Damage    Failure   Level
 Ignite Poison            Fire/Tmut/Pois 0%         N/A       89%         3
 Mephitic Cloud           Conj/Pois/Air  0%         N/A       89%         3
 Freezing Cloud           Conj/Ice/Air   0%         6-21      100%        5


Dungeon Overview and Level Annotations

Branches:
Dungeon (3/15)

Altars:
Ashenzari
Vehumet
Xom
Zin

Shops:
D:1 =   D:3 *


Innate Abilities, Weirdness & Mutations

You have a pair of horns on your head.
You reflexively headbutt those who attack you in melee.


Message History

Press ? for a list of commands and other information.
A frilled lizard comes into view.
The frilled lizard hisses angrily.
You block the frilled lizard's attack. The frilled lizard closely misses you.
You slash the frilled lizard!
You kill the frilled lizard!
You see here a frilled lizard corpse.
You see here a frilled lizard corpse.
r - a bubbling puce potion Ashenzari invites you to partake of a vision and a curse of melee combat and alchemy.
Your +0 long sword glows black for a moment.
Okay, then.
An ogre comes into view. It is wielding a +0 giant club.
The ogre shouts!
The ogre moves out of view.
You slash the ogre!
The ogre is moderately wounded.
The ogre hits you but does no damage.
You hit the ogre but do no damage.
The ogre is moderately wounded.
The ogre closely misses you.
You slash the ogre!
The ogre is severely wounded.
The ogre closely misses you. You furiously retaliate!
You headbutt the ogre. You completely miss the ogre.
The ogre is severely wounded.
The ogre barely misses you.
You barely miss the ogre. Your headbutt misses the ogre.
The ogre is severely wounded.
The ogre hits you with a +0 giant club. The ogre closely misses you.
You barely miss the ogre. You headbutt the ogre.
The ogre is almost dead.
You barely miss the ogre. You headbutt the ogre.
The ogre is almost dead.
The ogre hits you with a +0 giant club!
Ouch! That really hurt!
The ogre hits you with a +0 giant club!!
Ouch! That really hurt!
You die...

####...#
#.#..#.####### #
#...# #.#>.#.#
####...# #.#..#.#
.......###.#..#.#
..............#.#
.......###.####.##
.###..#..........#
.# #..#.##.####..#
.###..#.##.# #.@#
..##..#.##.# ##O#
........##.# #.#
#..#..#.##.# #.#
#...... ..# #
.#... ..# ##....#
..# ....... ....
.......


You could see an ogre.

Vanquished Creatures
  An adder (D:3)
  3 dart slugs
  A ball python (D:1)
  4 endoplasms
  2 giant cockroaches
  7 goblins
  5 hobgoblins
  4 jackals (D:3)
  3 kobolds
  4 bats
  4 frilled lizards (D:3)
  5 rats (D:1)
43 creatures vanquished.

Notes
Turn   | Place    | Note
-------+----------+-------------------------------------------
     0 | D:1      | GigaChad the Minotaur Fighter began the quest for the Orb.
     0 | D:1      | Reached XP level 1. HP: 19/19 MP: 0/0
   224 | D:1      | Reached XP level 2. HP: 26/27 MP: 1/1
   313 | D:1      | Found Ugruw's Jewellery Emporium.
   718 | D:2      | Reached XP level 3. HP: 33/33 MP: 2/2
  1008 | D:2      | Found a faded altar of an unknown god.
  1028 | D:2      | Prayed at the altar of an unknown god.
  1028 | D:2      | Became a worshipper of Vehumet
  1028 | D:2      | Reached * piety under Vehumet
  1028 | D:2      | Offered knowledge of Magic Dart by Vehumet.
  1177 | D:3      | Found a shimmering altar of Xom.
  1220 | D:3      | Found Zin's Purification Station.
  1223 | D:3      | Found a glowing silver altar of Zin.
  1453 | D:3      | Found a broken altar of Ashenzari.
  1458 | D:3      | Fell from the grace of Vehumet
  1458 | D:3      | Became a worshipper of Ashenzari the Shackled
  1674 | D:3      | Identified the +0 ring mail "Lefit" {Will+}
  2206 | D:3      | Noticed an ogre
  2216 | D:3      | Slain by an ogre

Illustrated notes

Levels and vault maps discovered:
D:1:      lightli_arrival_noodles, layout_basic, serial_shops, shop,
          minmay_misc_feat_pillars
D:2:      layout_basic, basic_ecumenical_altar
D:3:      layout_basic, zin_purify, nicolae_ashenzari_panopticon,
          mainiacjoe_overflow_alcove_4, minmay_pentangle

Skill      XL: |  1  2  3 |
---------------+----------+-----
Shields        | 4 |  4.5
Armour         | 4 |  4.2
Fighting       | 4 |  4.2
Long Blades    | 3 |  3.1

Action                   || total
-------------------------++-------
Melee: Long sword        ||    87
       Headbutt          ||    14
Throw: Boomerang         ||     2
Invok: Curse Item        ||     1
  Use: Scroll            ||     1
Armor: Scale mail        ||    55
Dodge: Dodged            ||    59
Block: Buckler           ||    20
